Map: Blackrock LE

Players

BigHorn

  • Race: Protoss Protoss
  • League: Grandmaster
  • Spawn Location: 7:00

RipNHammer - Winner!

  • Race: Terran Terran
  • League: Master
  • Spawn Location: 1:00

VOD

Have the link to the VOD?

Description

Time

  • Played on: Sept. 5, 2026, 12:09 p.m.
  • Length: 19:00
Show
View Real Time Build Order
Export as new Build Order

BigHorn Protoss 

Build Orders: Blink Stalkers 

Get SALT Encoding   

  8  0:05  Probe  
  9  0:18  Probe  
  10  0:25  Pylon  
  10  0:30  Probe  
  11  0:49  Gateway  
  11  0:53  Probe  
  12  1:00  Assimilator  
  12  1:06  Probe (Chrono Boost)  
  13  1:18  Probe (Chrono Boost)  
  14  1:25  Probe (Chrono Boost)  
  15  1:32  Probe  
  15  1:38  Cybernetics Core  
  16  1:40  Zealot (Chrono Boost)  
  16  1:47  Probe  
  19  1:57  Pylon  
  19  1:59  Probe  
  20  2:11  Probe  
  20  2:13  Adept (Chrono Boost)  
  23  2:40  Nexus  
  23  2:49  Probe  
  24  2:59  Twilight Council  
  24  3:00  Assimilator  
  24  3:01  Warp Gate, Probe  
  25  3:17  Probe  
  26  3:26  Stalker  
  28  3:29  Probe  
  29  3:35  Gateway  
  29  3:37  Blink (Chrono Boost)  
  29  3:52  Probe  
  29  3:53  Probe  
  31  4:01  Stalker  
  33  4:04  Probe  
  33  4:05  Probe  
  33  4:09  Gateway  
  35  4:16  Probe  
  36  4:17  Probe  
  37  4:24  Robotics Facility  
  37  4:28  Probe  
  38  4:34  Pylon  
  38  4:41  Probe  
  38  4:42  Probe  
  40  4:51  Shield Battery  
  40  4:54  Stalker  
  40  4:56  Stalker  
  40  4:58  Probe  
  45  5:02  Probe  
  46  5:10  Pylon  
  46  5:12  Observer  
  46  5:13  Probe  
  48  5:17  Probe  
  49  5:25  Probe  
  50  5:29  Probe  
  50  5:32  Pylon x2  
  50  5:33  Stalker  
  50  5:35  Stalker  
  55  5:36  Observer  
  55  5:37  Probe  
  57  5:43  Charge (Chrono Boost)  
  57  5:46  Probe  
  58  5:58  Nexus  
  58  5:59  Probe  
  58  6:00  Probe  
  60  6:07  Pylon  
  61  6:11  Probe  
  61  6:14  Zealot x3  
  61  6:16  Immortal  
  71  6:33  Gateway  
  71  6:40  Zealot x3  
  71  6:45  Probe x2  
  79  6:53  Pylon  
  79  6:57  Pylon, Probe  
  79  6:58  Pylon  
  79  6:59  Gateway  
  80  7:02  Pylon, Probe  
  81  7:08  Immortal (Chrono Boost)  
  85  7:16  Forge  
  85  7:19  Forge  
  85  7:22  Probe x2  
  87  7:35  Probe x2  
  89  7:37  Sentry x3  
  89  7:38  Probe  
  89  7:42  Shield Battery  
  96  7:47  Probe x2  
  96  7:50  Pylon, Protoss Ground Weapons Level 1 (Chrono Boost)  
  96  7:51  Probe  
  99  7:52  Zealot  
  99  7:58  Pylon  
  101  7:59  Probe  
  101  8:00  Zealot x3  
  101  8:03  Zealot, Protoss Ground Armor Level 1 (Chrono Boost)  
  101  8:04  Pylon  
  109  8:28  Zealot x5  
  119  8:35  Photon Cannon  
  119  8:37  Pylon  
  119  8:38  Pylon  
  119  8:45  Gateway, Nexus  
  119  8:46  Observer  
  119  8:47  Gateway  
  120  8:51  Gateway  
  120  8:58  Zealot x5  
  130  9:02  Pylon  
  130  9:12  Probe x3  
  127  9:24  Probe  
  126  9:29  Probe x2, Protoss Ground Weapons Level 2 (Chrono Boost)  
  128  9:36  Probe  
  128  9:37  Assimilator x2  
  129  9:41  Probe x2  
  131  9:48  Probe  
  131  9:52  Protoss Shields Level 1 (Chrono Boost)  
  130  9:53  Probe  
  130  9:56  Immortal (Chrono Boost)  
  134  10:02  Probe  
  134  10:03  Probe  
  136  10:09  Pylon  
  136  10:11  Probe x2, Gateway  
  136  10:12  Zealot  
  140  10:15  Probe x2, Zealot  
  140  10:19  Pylon  
  144  10:22  Photon Cannon  
  144  10:23  Probe x2, Shield Battery  
  144  10:25  Pylon  
  144  10:26  Photon Cannon  
  144  10:27  Probe x2  
  148  10:28  Immortal  
  148  10:31  Pylon  
  148  10:32  Assimilator  
  148  10:33  Assimilator  
  148  10:35  Photon Cannon, Probe x2  
  153  10:39  Probe x2  
  153  10:41  Assimilator  
  156  10:42  Pylon  
  156  10:44  Assimilator  
  156  10:47  Probe x2, Pylon  
  158  10:51  Probe x2  
  158  10:52  Pylon  
  158  10:55  Pylon  
  160  10:59  Probe  
  160  11:00  Pylon  
  161  11:06  Cybernetics Core, Stargate  
  161  11:08  Pylon  
  161  11:10  Stalker x2  
  161  11:11  Stalker x3  
  171  11:12  Templar Archives  
  171  11:14  Pylon  
  171  11:29  Protoss Ground Armor Level 2 (Chrono Boost), Protoss Shields Level 2 (Chrono Boost)  
  167  11:49  Protoss Air Armor Level 1 (Chrono Boost)  
  165  11:58  Fleet Beacon  
  165  12:01  Stargate  
  165  12:17  Nexus  
  165  12:20  Photon Cannon  
  165  12:21  Photon Cannon  
  165  12:23  Photon Cannon  
  165  12:24  Shield Battery x2  
  165  12:26  Pylon  
  149  12:31  Pylon  
  149  12:34  Assimilator  
  149  12:36  Assimilator  
  111  12:41  Stalker x4  
  111  12:42  Stalker  
  111  12:43  Zealot x4  
  119  12:51  Carrier x2  
  125  13:00  Stargate  
  125  13:01  Stargate  
  116  13:13  Zealot x2  
  116  13:14  Zealot x6  
  116  13:15  Zealot  
  87  13:47  Zealot x5  
  87  13:48  High Templar x2  
  88  13:49  Zealot  
  88  13:53  Archon  
  98  13:55  Carrier  
  98  14:07  Zealot x2  
  98  14:08  Zealot  
  93  14:16  Zealot  
  62  14:17  Zealot  
  57  14:27  Gateway  
  57  14:29  Gateway  
  57  14:30  Robotics Bay  
  57  14:31  Cybernetics Core  
  57  14:34  Pylon  
  57  14:36  Probe  
  58  14:41  Nexus  
  58  14:43  Pylon x2  
  58  14:44  Pylon  
  58  14:47  Pylon  
  58  14:48  Gateway x2, Probe  
  58  14:52  Gateway, Zealot  
  54  15:00  Probe  
  49  15:12  Probe  
  50  15:17  Robotics Facility  
  50  15:18  Robotics Facility  
  50  15:20  Stalker  
  52  15:24  Probe  
  53  15:35  Stalker  
  53  15:36  Stalker  
  57  15:45  Stalker x2  
  61  15:56  Probe  
  62  16:03  Disruptor (Chrono Boost)  
  62  16:08  Probe  
  62  16:09  Disruptor (Chrono Boost)  
  71  16:20  Probe  
  71  16:22  Assimilator  
  72  16:29  Pylon  
  76  16:33  Probe  
  76  16:37  Disruptor x2 (Chrono Boost)  
  76  16:38  Stalker  
  83  16:53  Stalker x3  
  89  16:58  Stalker  
  85  17:10  Disruptor  
  85  17:12  Stalker x2  
  89  17:23  Probe  
  89  17:29  Stalker  
  86  17:30  Stalker  
  77  17:42  Pylon  
  77  18:04  Pylon  
  77  18:09  Pylon  
  77  18:22  Probe  
  77  18:24  Observer  
  77  18:26  Zealot x3  
Show
View Real Time Build Order
Export as new Build Order

RipNHammer Terran - Winner!

Build Orders: Reaper Expand 

Get SALT Encoding   

  8  0:04  SCV  
  9  0:16  SCV  
  11  0:28  SCV  
  11  0:40  SCV  
  12  0:45  Supply Depot  
  12  0:52  SCV  
  13  1:06  SCV  
  13  1:08  Barracks  
  14  1:11  Refinery  
  14  1:18  SCV  
  15  1:30  SCV  
  16  1:42  SCV  
  17  1:55  Reaper, Orbital Command  
  18  2:12  Command Center  
  18  2:22  SCV  
  19  2:23  Supply Depot  
  19  2:29  Bunker  
  19  2:34  Marine  
  20  2:43  SCV  
  19  2:55  SCV  
  19  2:58  Marine  
  21  3:03  Refinery  
  21  3:07  SCV  
  22  3:16  Barracks  
  22  3:19  SCV  
  23  3:20  Barracks Reactor  
  23  3:24  Barracks  
  23  3:28  Orbital Command  
  23  3:31  SCV  
  24  3:43  SCV  
  24  3:45  Orbital Command  
  25  3:55  SCV  
  26  3:57  Marine  
  26  3:58  Marine  
  28  4:04  Barracks Tech Lab  
  28  4:07  SCV  
  29  4:12  SCV  
  29  4:13  Barracks Tech Lab  
  30  4:19  Bunker, SCV  
  30  4:20  Marine x2  
  30  4:24  SCV  
  34  4:25  Stimpack, Marine  
  34  4:26  Supply Depot  
  34  4:31  Supply Depot, SCV  
  35  4:34  Marine  
  35  4:36  Combat Shield  
  35  4:38  Marine  
  38  4:40  Marine  
  38  4:41  SCV  
  38  4:43  Engineering Bay  
  40  4:46  Marine  
  40  4:47  SCV  
  40  4:52  Marine  
  43  4:53  SCV  
  43  4:56  Marine  
  43  4:58  Marine  
  43  4:59  SCV  
  47  5:00  Supply Depot  
  47  5:03  Marine  
  47  5:05  SCV  
  49  5:09  Terran Infantry Weapons Level 1, Marine  
  49  5:11  SCV  
  49  5:13  Marine  
  52  5:16  Marine  
  52  5:17  Missile Turret, SCV  
  54  5:21  Marine  
  54  5:23  SCV  
  54  5:27  Marine  
  54  5:28  Supply Depot  
  57  5:30  SCV  
  57  5:31  Marine  
  59  5:35  SCV  
  59  5:40  Marauder  
  61  5:45  SCV  
  61  5:46  Marauder  
  61  5:49  Refinery  
  64  5:53  Marine  
  64  5:54  Marine, Concussive Shells  
  64  5:56  SCV  
  67  6:02  Command Center  
  67  6:03  Factory  
  67  6:05  Refinery  
  67  6:06  Marauder  
  68  6:18  Marine x2, Marauder  
  70  6:19  SCV  
  70  6:26  SCV  
  70  6:32  SCV  
  72  6:35  Refinery  
  72  6:38  SCV  
  73  6:44  SCV  
  74  6:48  Supply Depot, Barracks  
  74  6:57  Starport, Barracks Reactor  
  74  7:05  Supply Depot  
  74  7:08  Engineering Bay  
  74  7:10  SCV, Siege Tank  
  74  7:13  Marine x2  
  74  7:14  Marauder  
  74  7:15  Supply Depot  
  82  7:16  Orbital Command  
  82  7:21  Barracks  
  82  7:25  SCV  
  82  7:26  Armory, SCV  
  82  7:28  Terran Infantry Armor Level 1  
  83  7:34  Marine  
  83  7:35  Marauder  
  86  7:37  Barracks Reactor, SCV  
  86  7:39  Barracks  
  86  7:40  Marine  
  88  7:48  Armory  
  88  7:51  Marine  
  88  7:54  Ghost Academy  
  88  7:56  Medivac x2  
  93  8:05  Marine, Marauder  
  96  8:06  Siege Tank  
  99  8:16  Marine x2  
  99  8:17  Barracks Tech Lab  
  101  8:23  Marine  
  101  8:26  Barracks Tech Lab  
  103  8:27  Marauder  
  103  8:30  Marine  
  104  8:39  Terran Infantry Weapons Level 2  
  104  8:44  Medivac x2  
  104  8:47  SCV  
  104  8:48  SCV, Supply Depot  
  110  8:49  Supply Depot  
  110  8:50  Marine  
  111  9:00  Supply Depot, Marine  
  111  9:01  Marauder x3  
  118  9:03  Supply Depot  
  118  9:13  Widow Mine  
  118  9:15  Drilling Claws  
  117  9:22  Marauder  
  109  9:29  Marine x2, Marauder  
  109  9:30  Barracks Reactor  
  103  9:34  Medivac, Widow Mine  
  107  9:42  SCV x2, Marine  
  107  9:43  Marauder  
  112  9:47  Orbital Command  
  110  9:54  SCV  
  110  9:58  Widow Mine, Marine x4, Marauder  
  116  10:00  Marine  
  116  10:01  Medivac  
  116  10:02  SCV  
  116  10:04  Marauder  
  116  10:06  SCV  
  116  10:07  Supply Depot  
  123  10:10  Marine  
  123  10:13  SCV  
  125  10:16  Marine  
  125  10:17  Marauder  
  125  10:18  SCV x2, Missile Turret  
  125  10:20  Marauder  
  132  10:23  Marine  
  132  10:25  Widow Mine, Marauder  
  137  10:32  Sensor Tower, Supply Depot  
  137  10:38  Marauder  
  137  10:41  Missile Turret x2  
  137  10:42  SCV x3  
  142  10:44  Medivac  
  142  10:46  Widow Mine  
  146  10:55  SCV  
  147  10:57  Refinery, Command Center  
  147  11:03  Ghost  
  149  11:04  Ghost  
  149  11:06  SCV  
  149  11:07  Terran Infantry Weapons Level 3  
  152  11:14  SCV  
  152  11:15  Missile Turret  
  152  11:17  Missile Turret  
  152  11:18  SCV  
  154  11:21  Refinery, Viking  
  156  11:26  Starport  
  156  11:27  Supply Depot  
  156  11:30  Marine  
  156  11:31  Marauder  
  157  11:35  Marine  
  157  11:36  Marine, Marauder, Ghost  
  157  11:38  Widow Mine  
  160  11:50  Marine x2  
  160  11:51  Marine x2  
  160  11:52  Marauder  
  163  11:56  SCV  
  163  11:57  Marine  
  163  11:58  Marauder  
  163  11:59  Viking x2  
  171  12:02  SCV  
  171  12:03  Starport Reactor, Barracks  
  172  12:10  SCV x2, Missile Turret  
  174  12:18  Marine, Marauder  
  174  12:19  Widow Mine  
  174  12:21  Terran Infantry Armor Level 2, Supply Depot  
  166  12:32  Marine x2, Marauder  
  155  12:41  Widow Mine  
  153  12:44  Marine  
  153  12:45  Marine x3, Marauder x2  
  161  12:51  Planetary Fortress  
  161  13:00  Medivac, Viking  
  161  13:02  Marine  
  161  13:03  Marauder  
  166  13:16  Marine x2, Marauder  
  166  13:18  Reaper  
  166  13:19  Widow Mine  
  173  13:22  Marine, Marauder  
  176  13:38  Marine, Marauder  
  170  14:15  Orbital Command  
  162  14:24  Marine x3, Marauder  
  158  14:25  Marauder, SCV x2  
  158  14:30  Refinery x2  
  167  14:35  Marine x3, Marauder  
  172  14:51  Supply Depot  
  172  14:54  Refinery  
  172  14:58  Refinery  
  172  15:08  Supply Depot  
  172  15:13  Medivac x3, SCV x2  
  180  15:14  SCV  
  180  15:15  Marauder, Widow Mine  
  185  15:29  Terran Infantry Armor Level 3  
  185  15:33  Ghost  
  185  15:34  Ghost  
  189  15:36  Terran Ship Weapons Level 1  
  189  15:45  Marine x2, Marauder  
  189  15:49  Missile Turret  
  191  16:01  Marine  
  191  16:02  Ghost  
  191  16:03  Widow Mine, Marauder  
  196  16:24  Supply Depot  
  196  16:28  Command Center  
  196  16:29  Widow Mine  
  198  16:41  Marauder  
  198  17:12  Marine, Marauder  
  191  17:26  Marine  
  191  17:27  Marine, Marauder  
  187  17:32  Liberator x3  
  194  17:52  Liberator  
  197  18:00  Orbital Command  
  197  18:03  Sensor Tower  
  197  18:12  Fusion Core  
  195  18:14  Liberator  
  195  18:18  Missile Turret  
Tags
 
Add a new tag
Caveats
  • Supply blocks, unpowered buildings, or Contaminate may cause inaccurate times.
  • Supply counts are checked every 10 seconds.